 Dungeon Crawl Stone Soup version 0.18.1-50-g88ac8fd (webtiles) character file.

105 Gargoyl the Skirmisher (level 4, -9/36 HPs)
             Began as a Demonspawn Abyssal Knight on Sept 16, 2016.
             Was a Believer of Lugonu.
             Mangled by a gnoll
             ... wielding a +0 flail
              (11 damage)
             ... on level 2 of the Dungeon.
             The game lasted 00:03:31 (2287 turns).

Gargoyl the Skirmisher (Demonspawn Abyssal Knight)  Turns: 2287, Time: 00:03:31

Health: -9/36      AC:  7    Str: 14    XL:     4   Next: 54%
Magic:  5/5        EV: 12    Int: 13    God:    Lugonu [**....]
Gold:   96         SH:  0    Dex: 12    Spells: 0 memorised, 3 levels left

rFire  . . .     SeeInvis .     a - +1 hand axe
rCold  . . .     Gourm    .     b - +0 leather armour
rNeg   . . .     Faith    .     (no shield)
rPois  .         Spirit   .     (no helmet)
rElec  .         Dismiss  .     (no cloak)
rCorr  .         Reflect  .     (no gloves)
SustAt .         Harm     .     d - +1 pair of boots
MR     .....                    (no amulet)
Stlth  +.........               (no ring)
                                (no ring)

@: not resistant to hostile enchantments, very unstealthy
A: yellow scales 1, powered by pain 1
a: Depart the Abyss, Bend Space, Renounce Religion


You were on level 2 of the Dungeon.
You worshipped Lugonu.
Lugonu was pleased with you.
You were not hungry.

You visited 1 branch of the dungeon, and saw 2 of its levels.
You visited the Abyss 1 time.

You collected 96 gold pieces.

Inventory:

Hand Weapons
 a - a +1 hand axe (weapon)
Armour
 b - a +0 leather armour (worn)
 d - a +1 pair of boots (worn)
Scrolls
 e - a scroll of vulnerability {unknown}
 f - a scroll of teleportation
Comestibles
 c - a bread ration
 g - 2 meat rations


   Skills:
 + Level 3.6 Fighting
 + Level 2.3 Axes
 * Level 2.7 Armour
 + Level 2.1 Dodging
 + Level 0.6 Stealth
 + Level 2.5 Invocations


You had 3 spell levels left.
You didn't know any spells.

Dungeon Overview and Level Annotations

Branches:
Dungeon (2/15)

Altars:
Trog


Innate Abilities, Weirdness & Mutations

You are partially covered in yellow scales (AC +2).
You sometimes gain a little power by taking damage.


Message History

The gnoll is heavily wounded.
The gnoll barely misses you.
You hit the gnoll but do no damage.
The gnoll is heavily wounded.
The gnoll hits you with a flail.
* * * LOW HITPOINT WARNING * * *
You aren't carrying any potions.
The gnoll closely misses you.
Read which item? (? for menu, Esc to quit)
As you read the scroll labeled OLAELU FUIGH, it crumbles to dust.
The creatures around you are filled with an inner flame!
It was a scroll of immolation.
The gnoll hits you with a flail!
* * * LOW HITPOINT WARNING * * *
Read which item? (? for menu, Esc to quit)
As you read the scroll labeled ATUALL WAEDO, it crumbles to dust.
It is a scroll of identify.
Identify which item? (\ to view known items) (? for menu, Esc to quit)
f - a scroll of teleportation The gnoll hits you with a flail!
You die...

...........###############.#.....
.#########.......................
†##### #######################.
.....# ##### #. ##.#.# #...#
##########. #.#.# #g#.#
#.....<.... #.#.# #g#.#
#.######### #.#.# #g#.# #.# #.#.#
#@#g# #.# #.#.# ###.# #.# #.#>#
#.####.# #.#.# #......# #.#.#
...gg..####### #...# ..l...l
##### .#.#.8# # #8# ##


You could see 3 gnolls.

Vanquished Creatures
  Natasha (D:2)
  A gnoll (D:2)
  An ooze (D:2)
  4 worms (D:2)
  3 giant geckos
  5 bats
  5 goblins
  4 hobgoblins
  7 jackals
  9 kobolds
  A ball python (D:2)
  4 giant newts
  9 rats
54 creatures vanquished.

Notes
Turn   | Place    | Note
--------------------------------------------------------------
     0 | Abyss:1  | Gargoyl the Demonspawn Abyssal Knight began the quest for the Orb.
     0 | Abyss:1  | Reached XP level 1. HP: 18/18 MP: 2/2
    80 | Abyss:2  | Noticed a fire elemental
    81 | D:1      | Escaped the Abyss
    98 | D:1      | Reached * piety under Lugonu
   336 | D:1      | Gained mutation: You sometimes gain a little power by taking damage. [demonic ancestry]
   336 | D:1      | Reached XP level 2. HP: 22/24 MP: 3/3
   357 | D:1      | Reached skill level 1 in Dodging
   732 | D:2      | Gained mutation: You are partially covered in yellow scales (AC +2). [demonic ancestry]
   732 | D:2      | Reached XP level 3. HP: 29/29 MP: 4/4
  1107 | D:2      | Noticed a moth of wrath
  1110 | D:2      | Found a bloodstained altar of Trog.
  1130 | D:2      | Reached ** piety under Lugonu
  1910 | D:2      | Reached XP level 4. HP: 34/35 MP: 5/5
  2010 | D:2      | Noticed Natasha
  2034 | D:2      | Killed Natasha
  2287 | D:2      | Mangled by a gnoll

Skill      XL: |  1  2  3 |
---------------+----------+-----
Armour         | 2 |  2.7
Dodging        | 1 2 |  2.1
Axes           | 2 |  2.3
Fighting       | |  3.6
Stealth        | |  0.6
Invocations    | |  2.5

Action                   |  1- 3 |  4- 6 || total
-------------------------+-------+-------++-------
Melee: Hand axe          |   139 |    45 ||   184
Invok: Depart the Abyss  |     1 |       ||     1
  Use: Scroll            |       |     2 ||     2
  Eat: Chunk             |     3 |     2 ||     5
Armor: Leather armour    |    76 |    13 ||    89
Dodge: Dodged            |   126 |    39 ||   165
